 Dungeon Crawl Stone Soup version 0.28-a0-1184-g53156a8862 (webtiles) character file.

Game seed: 7120588906237691509

381 avis the Ruffian (level 6, -2/59 HPs)
             Began as an Ogre Hunter on Dec 18, 2021.
             Was an Initiate of Gozag.
             Slain by Sigmund (9 damage)
             ... on level 4 of the Dungeon.
             The game lasted 00:17:24 (4841 turns).

avis the Ruffian (Ogre Hunter)                      Turns: 4841, Time: 00:17:25

Health: -2/59      AC:  4    Str: 16 (17) XL:     6   Next: 75%
Magic:  6/6        EV:  9    Int: 14      God:    Gozag
Gold:   104        SH:  0    Dex:  9      Spells: 5/5 levels left

rFire   . . .      SeeInvis .   b - +2 mace (protect)
rCold   . . .      Faith    .   (no shield)
rNeg    . . .      Spirit   .   e - +0 robe
rPois   .          Reflect  .   (helmet restricted)
rElec   .          Harm     .   n - +0 cloak
rCorr   .          Rampage  .   (gloves unavailable)
Will    +....                   (boots unavailable)
Stlth   +.........              (no amulet)
HPRegen 0.19/turn               (no ring)
MPRegen 0.10/turn               (no ring)

@: no status effects
A: large, unfitting armour, tough skin 1, hooves 1, deterioration 1,
strong-willed 1
a: Renounce Religion, Potion Petition, Call Merchant, Bribe Branch


You were on level 4 of the Dungeon.
You worshipped Gozag.
Gozag was aware of your devotion.
You visited 2 branches of the dungeon, and saw 5 of its levels.

You collected 131 gold pieces.
You paid 27 gold pieces to Gozag.

Inventory:

Hand Weapons
 b - a +2 mace of protection (weapon)
Missiles
 k - a boomerang (quivered)
 p - 15 poisoned darts
Armour
 e - a +0 robe (worn)
 n - a +0 cloak (worn)
Scrolls
 f - a scroll of blinking {unknown}
 h - a scroll of noise {unknown}
 i - a scroll of magic mapping
 l - a scroll of teleportation {unknown}
 m - 2 scrolls of vulnerability
Potions
 q - 2 potions of curing
 r - a potion of brilliance
 t - a potion of haste


   Skills:
 - Level 2.6 Fighting
 - Level 4.0 Throwing
 - Level 1.7 Dodging
 - Level 0.6 Stealth
 * Level 6.0 Unarmed Combat


You had 5 spell levels left.
You didn't know any spells.
Your spell library contained the following spells:

 Spells                   Type           Power      Damage    Failure   Level
 Gell's Gravitas          Tloc           0%         N/A       65%         3
 Lesser Beckoning         Tloc           0%         N/A       65%         3
 Teleport Other           Tloc           0%         N/A       65%         3


Dungeon Overview and Level Annotations

Branches:
Dungeon (4/15)             Temple (1/1) D:4

Altars:
Ashenzari
Cheibriados
Dithmenos
Elyvilon
Fedhas
Gozag
Hepliaklqana
Kikubaaqudgha
Makhleb
Nemelex Xobeh
Okawaru
Qazlal
Ru
Sif Muna
Trog
Uskayaw
Vehumet
Wu Jian
Xom
Yredelemnul
Zin
The Shining One

Shops:
D:3 :

Annotations:
D:3 1 runed translucent door, exclusion: door
D:4 Sigmund


Innate Abilities, Weirdness & Mutations

You are too large for most types of armour.
You have tough skin. (AC +1)
You have large cloven feet.
Your body sometimes deteriorates upon taking damage.
You are strong-willed. (Will+)


Message History

Your weapon exudes an aura of protection.
Your kick misses Sigmund.
Sigmund is heavily wounded.
Sigmund hits you with a +0 scythe.
The hobgoblin hits you but does no damage.
Sigmund misses you.
The hobgoblin hits you but does no damage.
You closely miss Sigmund. You kick Sigmund.
Sigmund is severely wounded.
Sigmund hits you but does no damage. The hobgoblin closely misses you.
You hit Sigmund. You kick Sigmund.
Sigmund is almost dead.
Sigmund screams, "Don't try to resist!"
Sigmund closely misses you. The hobgoblin completely misses you.
You closely miss Sigmund.
Sigmund is almost dead.
Sigmund points at you and mumbles some strange words.
The magic dart hits you but does no damage.
The hobgoblin hits you but does no damage.
Sigmund misses you.
The hobgoblin hits you but does no damage.
You closely miss Sigmund.
Sigmund is almost dead.
Sigmund hits you with a +0 scythe.
* * * LOW HITPOINT WARNING * * *
The hobgoblin hits you but does no damage.
Sigmund mumbles some strange words.
Sigmund flickers and vanishes!
Deactivating autopickup; reactivate with Ctrl-A.
You closely miss something. Your kick misses something.
You hear some strange, mumbled words.
A puff of flame appears from out of thin air!
The puff of flame misses you. The hobgoblin closely misses you.
Something hits you!
* * * LOW HITPOINT WARNING * * *
Your body deteriorates!
You feel weakened. The hobgoblin barely misses you.
You miss something. Something hits you!
You die...
Your body crumbles into a pile of gold.

#..). .....## #.... #
##(....# #....
..#......## #....
#......... #....
#...(...# #....
##....... ######....
......g{# .........
##....@## ##.###...
#.......### #.......
#.........#########....
.........#.....## #.#..
..#.....######.)####.###
. ##...## ##.##...# #
#### #..#...# # ##.....#
##....#


You could see a hobgoblin.

Vanquished Creatures
  A black bear (D:4)
  An ogre (D:4)
  A scorpion (D:2)
  Jessica (D:3)
  An orc wizard (D:3)
  3 gnolls (D:3)
  2 adders (D:2)
  2 dart slugs
  8 orcs
  3 bats
  2 endoplasms
  A giant cockroach (D:3)
  8 goblins
  2 hobgoblins
  2 ball pythons (D:1)
  4 frilled lizards
  3 rats
45 creatures vanquished.

Notes
Turn   | Place    | Note
-------+----------+-------------------------------------------
     0 | D:1      | avis the Ogre Hunter began the quest for the Orb.
     0 | D:1      | Reached XP level 1. HP: 22/22 MP: 1/1
   118 | D:1      | Found a faded altar of an unknown god.
   529 | D:1      | Reached skill level 1 in Unarmed Combat
   632 | D:1      | Reached XP level 2. HP: 23/29 MP: 2/2
  1345 | D:2      | Reached skill level 2 in Unarmed Combat
  1411 | D:2      | Noticed a scorpion
  1499 | D:2      | Reached XP level 3. HP: 11/36 MP: 3/3
  2074 | D:2      | Gained mutation: You are strong-willed. (Will+) [potion of
                  | mutation]
  2074 | D:2      | Gained mutation: Your body sometimes deteriorates upon
                  | taking damage. [potion of mutation]
  2074 | D:2      | Gained mutation: You have large cloven feet. [potion of
                  | mutation]
  2074 | D:2      | HP: 1/54 [poisoned by a scorpion]
  2079 | D:2      | Killed a scorpion
  2080 | D:2      | Reached skill level 3 in Unarmed Combat
  2080 | D:2      | Reached XP level 4. HP: 5/44 MP: 4/4
  2598 | D:2      | HP: 1/44 [orc (8)]
  3053 | D:3      | Noticed Jessica
  3063 | D:3      | Killed Jessica
  3064 | D:3      | Reached skill level 4 in Unarmed Combat
  3064 | D:3      | Reached XP level 5. HP: 30/50 MP: 5/5
  3307 | D:3      | Found a runed translucent door.
  3598 | D:3      | Found Duibuw's Book Emporium.
  3646 | D:3      | Found a hide-covered altar of Uskayaw.
  3684 | D:3      | Found a faded altar of an unknown god.
  3689 | D:3      | Found a sparkling altar of Nemelex Xobeh.
  4187 | D:4      | Found a staircase to the Ecumenical Temple.
  4218 | Temple   | Entered the Ecumenical Temple
  4596 | Temple   | Became a worshipper of Gozag Ym Sagoz the Greedy
  4701 | D:4      | Noticed an ogre
  4708 | D:4      | Killed an ogre
  4709 | D:4      | Reached skill level 5 in Unarmed Combat
  4709 | D:4      | Reached XP level 6. HP: 59/59 MP: 6/6
  4761 | D:4      | Noticed a black bear
  4773 | D:4      | Killed a black bear
  4774 | D:4      | Reached skill level 6 in Unarmed Combat
  4821 | D:4      | Noticed Sigmund
  4841 | D:4      | Slain by Sigmund

Illustrated notes

Levels and vault maps discovered:
D:1:      heliophobic_arrival_dark_side_of_the_moon, layout_loops_ring,
          ebering_ecumenical_altar_hall
D:2:      layout_rooms, minmay_misc_feat_plants, st_stairs_12,
          grunt_decor_clamped
D:3:      layout_loops_ring, nicolae_overflow_ecumenical_swirl,
          nicolae_uskayaw_suspiria, serial_shops, nicolae_lakefront_shop,
          serial_park_tiny_2, uniq_crazy_yiuf_cottage, uniq_jessica
D:4:      layout_rooms, minmay_temple_entry_stoned_glass, uniq_sigmund
Temple:   mainiacjoe_temple_cubbyholes

Skill      XL: |  1  2  3  4  5  6 |
---------------+-------------------+-----
Unarmed Combat | 1 2 3 4 5 6 |  6.0
Fighting       | |  2.6
Throwing       | |  4.0
Dodging        | |  1.7
Stealth        | |  0.6

Action                   |  1- 3 |  4- 6 || total
-------------------------+-------+-------++-------
Melee: Unarmed           |    85 |    26 ||   111
       Mace              |       |    76 ||    76
       Kick              |       |    23 ||    23
       Punch             |       |     2 ||     2
Throw: Dart              |       |    11 ||    11
       Large rock        |       |     7 ||     7
       Throwing net      |       |     2 ||     2
  Use: Potion            |     3 |     1 ||     4
       Scroll            |       |     3 ||     3
 Stab: Sleeping          |     1 |       ||     1
Armor: Robe              |    21 |    48 ||    69
       Skin              |     5 |     1 ||     6
Dodge: Dodged            |    44 |    65 ||   109

Table legend: (Time is in decaauts)
 A = Elapsed time spent in this place.
 B = Non-inter-level travel time spent in this place.
 C = Inter-level travel time spent in this place.
 D = Time resting spent in this place.
 E = Time spent auto-exploring this place.
 F = Levels seen in this place.
 G = Mean time per level.
                   A        B        C        D        E       F      G
               +--------+--------+--------+--------+--------+-----+--------+
         Total |   4881 |   4588 |    293 |   1799 |   1979 |   5 |  976.2 |
       Dungeon |   4423 |   4254 |    169 |   1767 |   1690 |   4 | 1105.8 |
        Temple |    457 |    333 |    124 |     32 |    289 |   1 |  457.0 |
               +--------+--------+--------+--------+--------+-----+--------+

Top non-repeatable levels by time:
     D:2: 1923 daAuts
     D:3: 1158 daAuts
     D:1: 1068 daAuts
  Temple: 457 daAuts
     D:4: 273 daAuts
